 Dungeon Crawl Stone Soup version 0.20.0-8-g6b59dc7 (webtiles) character file.

542 Kosschaser the Chopper (level 7, -7/60 HPs)
             Began as a Hill Orc Gladiator on June 2, 2017.
             Killed from afar by Dowan (23 damage)
             ... with a shard of ice
             ... on level 4 of the Dungeon.
             The game lasted 00:15:04 (4873 turns).

Kosschaser the Chopper (Hill Orc Gladiator)         Turns: 4873, Time: 00:15:07

Health: -7/60      AC:  5    Str: 17    XL:     7   Next: 27%
Magic:  7/7        EV: 13    Int: 12    God:
Gold:   217        SH:  0    Dex: 14    Spells: 6/6 levels left

rFire    . . .     SeeInvis .   a - +0 war axe
rCold    . . .     Gourm    .   (no shield)
rNeg     . . .     Faith    .   b - +0 leather armour
rPois    .         Spirit   .   c - +0 helmet
rElec    .         Reflect  .   s - +0 cloak
rCorr    .         Harm     .   (no gloves)
MR       .....                  (no boots)
Stlth    +.........             (no amulet)
Regen    0.2/turn               m - +4 ring of intelligence
MPRegen  0.1/turn               (no ring)

@: no status effects
A: no striking features
a: no special abilities


You were on level 4 of the Dungeon.
You were hungry.

You visited 1 branch of the dungeon, and saw 4 of its levels.

You collected 217 gold pieces.

Inventory:

Hand Weapons
 a - a +0 war axe (weapon)
Missiles
 d - 3 throwing nets (quivered)
Armour
 b - a +0 leather armour (worn)
 c - a +0 helmet (worn)
 s - a +0 cloak (worn)
Jewellery
 m - a +4 ring of intelligence (left hand)
Scrolls
 i - a scroll of magic mapping
 k - 3 scrolls of teleportation {unknown}
 n - 2 scrolls of amnesia {unknown}
 o - a scroll of fog
Potions
 e - a potion of flight {unknown}
 g - 2 potions of curing {unknown}
 j - a potion of agility {unknown}
 l - a potion of heal wounds {unknown}
 p - 3 potions of lignification {unknown}
 q - a potion of ambrosia {unknown}
Comestibles
 f - 5 bread rations
 h - 2 royal jellies


   Skills:
 + Level 4.4 Fighting
 + Level 7.9 Axes
 - Level 1.7 Throwing
 + Level 3.1 Armour
 + Level 3.4 Dodging


You had 6 spell levels left.
You didn't know any spells.

Dungeon Overview and Level Annotations

Branches:
Dungeon (4/15)
 Temple: D:4-7

Altars:
Sif Muna

Annotations:
D:4 Dowan


Message History

Dowan is moderately wounded.
Dowan points at you and mumbles some strange words.
The puff of frost hits you!
Duvessa says, "Practise, practise, practise!
One day you'll be as good as me."
You closely miss the orc. You slash Dowan! The orc hits you but does no damage.
Dowan gestures wildly while chanting.
Dowan blinks!
You slash the orc!
You kill the orc!
You slash Duvessa!
Duvessa is almost dead.
Duvessa hits you with a short sword of holy wrath.
* * * LOW HITPOINT WARNING * * *
You hit Duvessa.
You kill Duvessa!
Dowan screams, "No!
No!"
Dowan seems to find hidden reserves of power!
Dowan casts a spell at you. The shard of ice hits you!
You die...

#...# #.# #.# #...#
#.####.##
#...####.......#
#..........>#.h######
#....######o#.......#
#....# #.##.####.#
#....# #.##.# #.# ..
#....######.##e# #.#
...#...e).......@.# #.#
...#...#######.##### #.#
..##.....# #.....# #<#
..###.############.###.#
.......o.e..e........#.#
#..##)############.#.###
......#..o.........#.#
...##.#.######.###.#.#
...##.#.######.###e#.#


You could see Dowan and a hound (wandering).

Vanquished Creatures
  Duvessa (D:4)
  Blork the orc (D:4)
  A scorpion (D:4)
  An orc wizard (D:2)
  A centaur skeleton (D:4)
  3 worker ants (D:4)
  11 adders
  3 oozes
  A worm (D:2)
  A dart slug (D:2)
  3 leopard geckos
  9 orcs
  7 bats
  2 giant cockroaches (D:1)
  5 goblins
  3 hobgoblins
  4 jackals (D:2)
  7 kobolds
  3 quokkas
  6 ball pythons
  2 frilled lizards
  9 rats
84 creatures vanquished.

Notes
Turn   | Place    | Note
-------+----------+-------------------------------------------
     0 | D:1      | Kosschaser the Hill Orc Gladiator began the quest for the Orb.
     0 | D:1      | Reached XP level 1. HP: 18/18 MP: 1/1
   279 | D:1      | Reached XP level 2. HP: 13/25 MP: 2/2
  1213 | D:2      | Reached XP level 3. HP: 28/31 MP: 3/3
  1363 | D:2      | Reached skill level 5 in Axes
  1641 | D:2      | Found a deep blue altar of Sif Muna.
  1701 | D:2      | Reached XP level 4. HP: 32/38 MP: 4/4
  2091 | D:2      | Reached skill level 1 in Armour
  2417 | D:2      | Reached XP level 5. HP: 38/45 MP: 5/5
  2428 | D:2      | Reached skill level 6 in Axes
  2615 | D:3      | Noticed an orc warrior
  3444 | D:3      | Found a faded altar of an unknown god.
  3922 | D:4      | Noticed Blork the orc
  3933 | D:4      | Killed Blork the orc
  3933 | D:4      | Reached XP level 6. HP: 33/52 MP: 6/6
  4189 | D:4      | Reached skill level 7 in Axes
  4499 | D:4      | Reached XP level 7. HP: 42/59 MP: 7/7
  4699 | D:4      | Noticed Duvessa
  4703 | D:4      | Noticed Dowan
  4717 | D:4      | HP: 2/59 [Duvessa/short sword of holy wrath (7)]
  4873 | D:4      | Killed Duvessa
  4873 | D:4      | Killed from afar by Dowan

Skill      XL: |  1  2  3  4  5  6 |
---------------+-------------------+-----
Fighting       | 3 4 |  4.4
Axes           | 5 6 7 |  7.9
Armour         | 1 2 3 |  3.1
Dodging        | 3 |  3.4
Throwing       | |  1.7

Action                   |  1- 3 |  4- 6 |  7- 9 || total
-------------------------+-------+-------+-------++-------
Melee: War axe           |    92 |   192 |    23 ||   307
  Use: Scroll            |       |     4 |       ||     4
 Stab: Sleeping          |     1 |     2 |       ||     3
  Eat: Chunk             |     2 |     7 |     1 ||    10
       Royal jelly       |       |     1 |       ||     1
Armor: Leather armour    |    43 |    50 |     2 ||    95
Dodge: Dodged            |    63 |   136 |    10 ||   209
